 Dungeon Crawl Stone Soup version 0.32-a0-450-g080537f31e (webtiles) character file.

Game seed: 18242054809227162797

640 ezpacito the Trooper (level 7, -13/54 HPs)
             Began as a Demonspawn Chaos Knight on Feb 23, 2024.
             Was a Plaything of Xom.
             Mangled by Prince Ribbit (14 damage)
             ... on level 5 of the Dungeon.
             The game lasted 00:05:12 (4046 turns).

ezpacito the Trooper (Demonspawn Chaos Knight)      Turns: 4046, Time: 00:05:13

Health: -13/54     AC: 10    Str: 13 (15) XL:     7   Next: 26%
Magic:  19/19      EV:  7    Int: 11 (12) God:    Xom [...*..]
Gold:   193        SH:  5    Dex:  9 (12) Spells: 3/10 levels left

rFire   . . .        a - +1 hand axe (chaos)
rCold   . . .        (no shield)
rNeg    . . .        t - +0 chain mail
rPois   .            (no helmet)
rElec   .            (no cloak)
rCorr   .            (no gloves)
SInv    .            v - +0 pair of boots
Will    .....        i - amulet of reflection Stlth
                     o - ring of magical power
HPRegen 0.29/turn    c - ring of wizardry
MPRegen 0.16/turn

%: reflection, wizardry (x1)
@: no status effects
A: claws 2, powered by pain 1, demonic magic 1
a: Renounce Religion


You were on level 5 of the Dungeon.
You worshipped Xom.
You were a favourite toy of Xom.
You visited 1 branch of the dungeon, and saw 5 of its levels.

You collected 193 gold pieces.

Inventory:

Hand Weapons
 a - a +1 hand axe of chaos (weapon)
Missiles
 d - 2 boomerangs (quivered)
 y - a throwing net
 A - 6 poisoned darts
Armour
 b - a +2 leather armour
 f - a +0 cloak
 j - a +0 scale mail
 q - a +2 pair of gloves
 t - a +0 chain mail (worn)
 v - a +0 pair of boots (worn)
Magical Staves
 n - the staff "Nuteluet" {MP-9 Str+2 Fire Ice Earth}
   (Xom gifted it to you on level 2 of the Dungeon)

   [staff of earth]

   Base accuracy: +5 Base damage: 5 Base attack delay: 1.2 This weapon's minimum
   attack delay (0.6) is reached at skill level 12.
   Str+2:     It affects your strength (+2).
   MP-9:      It affects your magic capacity (-9).
   Fire:      It increases the power of your Fire spells.
   Ice:       It increases the power of your Ice spells.
   Earth:     It increases the power of your Earth spells.
   It falls into the 'Staves' category.
   It is a one-handed weapon.
Jewellery
 c - a ring of wizardry (right claw)
 i - an amulet of reflection (around neck)
 o - a ring of magical power (left claw)
 w - an amulet of the acrobat
Wands
 e - a wand of flame (31)
Scrolls
 h - a scroll of enchant weapon
 k - a scroll of torment {unknown}
 p - 2 scrolls of teleportation
 u - a scroll of fear {unknown}
 x - a scroll of blinking {unknown}
Potions
 g - a potion of magic
 l - 2 potions of curing
 r - a potion of lignification {unknown}
 s - a potion of mutation {unknown}
 z - 2 potions of attraction {unknown}


   Skills:
 * Level 4.2 Fighting
 * Level 3.7 Axes
 * Level 3.2 Armour
 * Level 2.6 Dodging
 + Level 1.5 Stealth
 * Level 2.0 Unarmed Combat
 * Level 2.2 Spellcasting
 + Level 0.8 Conjurations
 + Level 0.8 Hexes
 + Level 0.7 Translocations
 + Level 0.5 Earth Magic
 * Level 1.2 Evocations


You had 3 spell levels left.
You knew the following spells:

 Your Spells              Type           Power      Damage    Failure   Level
a - Dazzling Flash        Conj/Hex       6%         N/A       98%         3
b - Apportation           Tloc           4%         N/A       82%         1
c - Tukima's Dance        Hex            3%         N/A       98%         3

Your spell library contained the following spells:

 Spells                   Type           Power      Damage    Failure   Level
 Jinxbite                 Hex            6%         N/A       90%         2
 Volatile Blastmotes      Fire/Tloc      4%         2d10      99%         3
 Passage of Golubria      Tloc           2%         N/A       100%        4
 Alistair's Intoxication  Alch           0%         N/A       100%        5
 Yara's Violent Unravell  Hex/Alch       1%         3d3       100%        5
 Starburst                Conj/Fire      1%         6d3       100%        6
 Maxwell's Capacitive Co  Air            0%         ∞         100%        8


Dungeon Overview and Level Annotations

Branches:
Dungeon (5/15)
 Temple: D:4-7

Altars:
Ashenzari
Makhleb
Okawaru
Qazlal
Wu Jian

Shops:
D:5 *

Annotations:
D:5 Prince Ribbit


Innate Abilities, Weirdness & Mutations

You have very sharp fingernails.
You sometimes gain a little power by taking damage.
Spells you cast may paralyse adjacent enemies.


Message History

Prince Ribbit hits you.
You barely miss Prince Ribbit.
Prince Ribbit hits you but does no damage.
You hit Prince Ribbit. You burn Prince Ribbit.
Prince Ribbit is moderately wounded.
Prince Ribbit closely misses you. Prince Ribbit hits you!
You miss Prince Ribbit.
Prince Ribbit is moderately wounded.
Prince Ribbit hits you!
You miss Prince Ribbit.
Prince Ribbit is lightly wounded.
Prince Ribbit hits you!
* * * LOW HITPOINT WARNING * * *
Prince Ribbit hits you.
* * * LOW HITPOINT WARNING * * *
Unknown command.
Okay, then.
Okay, then.
Okay, then.
You miss Prince Ribbit.
Prince Ribbit is lightly wounded.
Prince Ribbit hops awkwardly around.
Prince Ribbit completely misses you. You block Prince Ribbit's attack.
You miss Prince Ribbit.
Prince Ribbit is lightly wounded.
Your animated chain mail hits Prince Ribbit!
Your animated chain mail hits Prince Ribbit.
Prince Ribbit hits you.
* * * LOW HITPOINT WARNING * * *
It was a potion of degeneration.
There was something very wrong with that liquid.
You feel weakened.
You feel dopey.
You feel clumsy.
Xom thinks this is hilarious!
Prince Ribbit hits you!
* * * LOW HITPOINT WARNING * * *
Your animated chain mail barely misses Prince Ribbit.
Your animated chain mail closely misses Prince Ribbit.
Prince Ribbit hits you!
You die...
Xom cackles wildly!

#.....####..........########
#.....# #........###
#.....####......###
#...............#
#...........#...#
######..........#
#...#.....##
######...#...>.#
#..........@F..#
#.########.[...# ∩......#
#######.# .# #


You could see Prince Ribbit (ally target) and a friendly animated chain mail
(summoned).

Vanquished Creatures
  Sigmund (D:3)
  A scorpion (D:4)
  2 hounds (D:4)
  2 jellies (D:4)
  Crazy Yiuf (D:3)
  A bombardier beetle (D:4)
  An orc priest (D:3)
  2 orc wizards (D:3)
  3 adders
  6 dart slugs
  A ribbon worm (D:3)
  8 orcs (D:3)
  8 bats
  8 endoplasms
  A giant cockroach (D:3)
  6 goblins
  6 hobgoblins
  3 jackals (D:1)
  3 kobolds
  2 quokkas
  10 ball pythons
  4 frilled lizards
  3 rats (D:3)
83 creatures vanquished.

Vanquished Creatures (collateral kills)
  An adder (D:4)
  A dart slug (D:3)
2 creatures vanquished.

Vanquished Creatures (others)
  A bombardier beetle (D:3)
  A frilled lizard zombie (D:3)
2 creatures vanquished.

Grand Total: 87 creatures vanquished

Notes
Turn   | Place    | Note
-------+----------+-------------------------------------------
     0 | D:1      | ezpacito the Demonspawn Chaos Knight began the quest for
                  | the Orb.
     0 | D:1      | Reached XP level 1. HP: 18/18 MP: 1/1
     5 | D:1      | XOM: divination: magic mapping
   120 | D:1      | Reached skill level 1 in Dodging
   155 | D:1      | XOM: divination: detect creatures
   212 | D:1      | Gained mutation: You have sharp fingernails. [demonic
                  | ancestry]
   212 | D:1      | Reached XP level 2. HP: 24/24 MP: 2/2
   825 | D:1      | XOM: silly message
  1048 | D:2      | Gained mutation: You have very sharp fingernails. [demonic
                  | ancestry]
  1048 | D:2      | Reached XP level 3. HP: 20/29 MP: 2/4
  1117 | D:2      | Identified the staff "Nuteluet" {MP-9 Str+2 Fire Ice Earth}
                  | (Xom gifted it to you on level 2 of the Dungeon)
  1117 | D:2      | XOM: god gift: staff "Nuteluet" {MP-9 Str+2 Fire Ice Earth}
  1171 | D:2      | XOM: noise
  1178 | D:2      | Learned a level 3 spell: Dazzling Flash
  1291 | D:2      | XOM: polymorph giant cockroach -> hobgoblin
  1939 | D:3      | Found a faded altar of an unknown god.
  1972 | D:3      | Reached skill level 1 in Spellcasting
  1972 | D:3      | Reached XP level 4. HP: 25/35 MP: 5/5
  1991 | D:3      | XOM: noise
  1992 | D:3      | Noticed Sigmund
  2001 | D:3      | XOM: silly message
  2002 | D:3      | Killed Sigmund
  2003 | D:3      | Reached skill level 1 in Stealth
  2003 | D:3      | Reached skill level 1 in Unarmed Combat
  2003 | D:3      | Reached XP level 5. HP: 26/42 MP: 7/7
  2187 | D:3      | Gained mutation: Spells you cast may paralyse adjacent
                  | enemies. [demonic ancestry]
  2187 | D:3      | Reached XP level 6. HP: 27/48 MP: 8/8
  2465 | D:3      | Learned a level 1 spell: Apportation
  2469 | D:3      | Learned a level 3 spell: Tukima's Dance
  2698 | D:3      | Reached skill level 4 in Fighting
  2732 | D:3      | XOM: silly message
  3005 | D:3      | Found a runed translucent door.
  3006 | D:3      | Noticed Crazy Yiuf
  3014 | D:3      | XOM: smoke on damage
  3015 | D:3      | Killed Crazy Yiuf
  3261 | D:4      | Found an ornate altar of the Wu Jian Council.
  3340 | D:4      | XOM: silly message
  3401 | D:4      | XOM: smoke on damage
  3576 | D:4      | Reached skill level 1 in Evocations
  3615 | D:4      | Gained mutation: You sometimes gain a little power by
                  | taking damage. [demonic ancestry]
  3615 | D:4      | Reached XP level 7. HP: 47/54 MP: 10/10
  3875 | D:4      | Found a stormy altar of Qazlal.
  3876 | D:4      | Found an iron altar of Okawaru.
  3878 | D:4      | Found a burning altar of Makhleb.
  3878 | D:4      | Found a broken altar of Ashenzari.
  3981 | D:5      | Entered Level 5 of the Dungeon
  4029 | D:5      | Noticed Prince Ribbit
  4037 | D:5      | Found Riops's General Store.
  4037 | D:5      | XOM: cast spell 'Animate Armour'
  4046 | D:5      | HP: 1/54 [Prince Ribbit (9)]
  4046 | D:5      | Mangled by Prince Ribbit

Illustrated notes

Levels and vault maps discovered:
D:1:      zaba_arrival_water, layout_basic, roderic_lattice_a
D:2:      layout_basic, chequers_serial_rivers_small_a
D:3:      layout_loops_ring, shapermc_ecumenical_altar_ellora, uniq_sigmund,
          uniq_crazy_yiuf_cottage
D:4:      layout_basic, nicolae_wu_jian_wuxing_cycle,
          chequers_temple_overflow_statue_of_worship, hangedman_feature_mirror
D:5:      layout_basic, minmay_temple_entry_fiery, serial_shops, shop,
          minivault_24, reono_crystal_passage, nicolae_shop_overcharged_wands,
          uniq_prince_ribbit1

Skill      XL: |  1  2  3  4  5  6  7 |
---------------+----------------------+-----
Dodging        | 1 2 |  2.6
Armour         | 2 3 |  3.2
Axes           | 3 |  3.7
Spellcasting   | 1 2 |  2.2
Stealth        | 1 |  1.5
Unarmed Combat | 1 2 |  2.0
Fighting       | 4 |  4.2
Evocations     | 1 |  1.2
Conjurations   | |  0.8
Hexes          | |  0.8
Translocations | |  0.7
Earth Magic    | |  0.5

Action                     |  1- 3 |  4- 6 |  7- 9 || total
---------------------------+-------+-------+-------++-------
  Melee: Hand axe          |   115 |   155 |    38 ||   308
    Use: Scroll            |     2 |     3 |     2 ||     7
         Potion            |       |     2 |     1 ||     3
   Stab: Petrified         |     4 |     4 |       ||     8
         Sleeping          |     2 |     1 |       ||     3
         Petrifying        |       |     1 |       ||     1
 Armour: Leather armour    |    74 |    58 |       ||   132
         Chain mail        |       |    37 |    26 ||    63
  Dodge: Dodged            |    43 |    61 |    13 ||   117
  Block: Other             |    13 |    33 |     7 ||    53
         Reflection        |       |     2 |       ||     2

Table legend: (Time is in decaauts)
 A = Elapsed time spent in this place.
 B = Non-inter-level travel time spent in this place.
 C = Inter-level travel time spent in this place.
 D = Time resting spent in this place.
 E = Time spent auto-exploring this place.
 F = Levels seen in this place.
 G = Mean time per level.
                   A        B        C        D        E       F      G
               +--------+--------+--------+--------+--------+-----+--------+
         Total |   4097 |   3996 |    101 |    159 |   3096 |   5 |  819.4 |
       Dungeon |   4097 |   3996 |    101 |    159 |   3096 |   5 |  819.4 |
               +--------+--------+--------+--------+--------+-----+--------+

Top non-repeatable levels by time:
     D:3: 1396 daAuts
     D:1: 1016 daAuts
     D:2: 909 daAuts
     D:4: 709 daAuts
     D:5: 65 daAuts
